 Dungeon Crawl Stone Soup version 0.25-a0-774-g40ae2d4f90 (webtiles) character file.

Game seed: 12556230623054820650, levelgen mode: classic

3086 EnegeticOcto the Cleaver (level 9, -2/74 HPs)
             Began as a Deep Dwarf Fighter on Apr 14, 2020.
             Was an Initiate of Makhleb.
             Slain by a yak (3 damage)
             ... while petrified by a basilisk
             ... on level 8 of the Dungeon.
             The game lasted 00:12:09 (1324 turns).

EnegeticOcto the Cleaver (Deep Dwarf Fighter)       Turns: 1324, Time: 00:12:10

Health: -2/74      AC: 10    Str: 24    XL:     9   Next: 59%
Magic:  6/6        EV:  2    Int:  8    God:    Makhleb [......]
Gold:   230        SH:  0    Dex: 12    Spells: 8/8 levels left

rFire    . . .     SeeInvis +   p - +4 battleaxe (curse)
rCold    . . .     Gourm    .   (shield currently unavailable)
rNeg     + + +     Faith    .   j - +1 chain mail
rPois    ∞         Spirit   .   (no helmet)
rElec    .         Reflect  .   (no cloak)
rCorr    .         Harm     .   (no gloves)
MR       +....                  (no boots)
Stlth    ..........             (no amulet)
HPRegen  0.00/turn              i - ring of see invisible
MPRegen  0.10/turn              (no ring)

@: lethally poisoned (-2 -> -2), petrified, non-regenerating
A: damage resistance, heal wounds, sense surroundings 2, no regeneration
a: Heal Wounds, Renounce Religion


You were on level 8 of the Dungeon.
You worshipped Makhleb.
Makhleb was noncommittal.
You were not hungry.

You visited 2 branches of the dungeon, and saw 9 of its levels.

You collected 230 gold pieces.

Inventory:

Hand Weapons
 p - a cursed +4 battleaxe (weapon)
Missiles
 n - 3 curare-tipped darts (quivered)
Armour
 j - a +1 chain mail (worn)
Jewellery
 i - a ring of see invisible (left hand)
Wands
 c - a wand of random effects (12)
 l - a wand of clouds (2)
Scrolls
 a - a scroll of summoning {unknown}
 k - a scroll of brand weapon {unknown}
Potions
 b - 2 potions of cancellation {unknown}
 d - 3 potions of might {@q3 !q}
 f - a potion of lignification {unknown}
 g - a potion of haste {@q4 !q}
 h - 2 potions of heal wounds {@q2 !q}
 q - a potion of stabbing {unknown}
Comestibles
 e - 4 rations


   Skills:
 - Level 2.6 Fighting
 + Level 12.8 Axes
 + Level 4.6 Armour
 + Level 2.9 Dodging
   Level 3.2 Shields
 + Level 3.5 Invocations
 - Level 4.0 Evocations


You had 8 spell levels left.
You didn't know any spells.
Your spell library was empty.

Dungeon Overview and Level Annotations

Branches:
Dungeon (8/15)             Temple (1/1) D:7            Lair (0/6) D:8

Altars:
Ashenzari
Elyvilon
Makhleb
Okawaru
Trog
Vehumet
Xom
The Shining One

Annotations:
D:6 Prince Ribbit


Innate Abilities, Weirdness & Mutations

You are resistant to damage.
You can heal yourself by infusing magical energy.
You passively map the area around you.
You do not regenerate.


Message History

The yak barely misses you.
The basilisk bites the fungus!!
The scorpion stings you but does no damage.
The porcupine bites you but does no damage.
You feel much better. The crocodile bites you! The yak gores you!
The porcupine closely misses you.
The basilisk bites the plant.
The crocodile completely misses you. The yak gores you but does no damage.
The scorpion barely misses you.
The basilisk bites the fungus!!
The fungus is destroyed!
The porcupine bites you!
* * * LOW HITPOINT WARNING * * *
You barely miss the crocodile.
The crocodile is severely wounded.
You are struck by the porcupine's spines.
* * * LOW HITPOINT WARNING * * *
You barely miss the porcupine. You slash the yak! You hit the porcupine.
You kill the porcupine!
Makhleb accepts your kill.
Your Armour skill increases to level 4!
Your Dodging skill increases to level 2!
You hit the yak but do no damage. You barely miss the scorpion.
You slash the crocodile!
You kill the crocodile!
Makhleb accepts your kill. The porcupine closely misses you.
The crocodile barely misses you. The yak gores you but does no damage.
The yak gores the plant.
The scorpion stings you but does no damage.
The yak closely misses you.
The porcupine bites you but does no damage.
The crocodile closely misses you.
You feel much better. The basilisk bites you! The yak barely misses you.
The yak gores the plant but does no damage.
The scorpion stings you but does no damage.
The yak gores you! The porcupine barely misses you.
The crocodile closely misses you.
You fail to use your ability.
The basilisk closely misses you. The yak gores you but does no damage.
The yak gores the plant!
The scorpion stings you but does no damage.
The yak misses you. The porcupine closely misses you. The crocodile bites you.
Your magical essence is drained by the effort!
You feel much better. The basilisk barely misses you.
The yak gores you but does no damage.
The yak gores the plant.
The porcupine closely misses you. The scorpion stings you.
The yak barely misses you. The crocodile barely misses you.
You slash the yak!
You kill the yak!
Makhleb accepts your kill.
Your Invocations skill increases to level 3!
You hit the basilisk. You slash the yak! You slash the scorpion!
You kill the scorpion!
Makhleb accepts your kill.
You hit the crocodile. You slash the porcupine!
You kill the porcupine!
Makhleb accepts your kill. The basilisk gazes at you.
You resist with almost no effort. The yak gores you but does no damage.
The crocodile bites you but does no damage.
You closely miss the basilisk. You barely miss the crocodile.
You completely miss the yak. You slash the yak! You hit the basilisk.
The basilisk gazes at you. You resist with almost no effort.
The yak barely misses you. x2
The basilisk gazes at you. You resist with almost no effort.
The crocodile bites you! The basilisk gazes at you.
You are slowing down.
You slash the crocodile!
You kill the crocodile!
Makhleb accepts your kill.
You barely miss the yak. You slash the yak! You hit the basilisk.
You closely miss the basilisk. The yak gores you.
The yak gores you but does no damage. The basilisk gazes at you.
Your limbs have turned to stone.
The basilisk bites you. The yak gores you. The basilisk bites you.
You have turned to stone.
The basilisk bites you but does no damage.
The yak barely misses you. The yak gores you!
The basilisk bites you but does no damage.
The yak gores you! The basilisk bites you! The yak gores you!
The yak gores you. The basilisk bites you!
* * * LOW HITPOINT WARNING * * *
The yak gores you.
The basilisk bites you but does no damage.
The yak gores you. The yak gores you!
* * * LOW HITPOINT WARNING * * *
The basilisk bites you!
* * * LOW HITPOINT WARNING * * *
The yak gores you but does no damage. The basilisk bites you!
* * * LOW HITPOINT WARNING * * *
The yak gores you!
* * * LOW HITPOINT WARNING * * *
The yak gores you!
* * * LOW HITPOINT WARNING * * *
The basilisk bites you but does no damage.
The yak gores you.
The basilisk bites you but does no damage.
The yak completely misses you. The yak gores you but does no damage.
The basilisk bites you.
* * * LOW HITPOINT WARNING * * *
The yak gores you!
You die...

* ...#......# ..
..♣..#......##########.. ,
,,,......#+##.............#
, ......P..+.......).....#
, , ,
..P.P....#...<.........# *
.♣P..$..##.............# *
,, .P.........#####'##....#
,, .P.P.PYY♣..#......#....#
, ,
,.>P...l@Y..#......#....# ,
...P..†l†..#......#....#
,...........#......#....# ,
,*.PP.♣......#..#####....#
, ..........##.. * ...... ,
..P.......+... ......
.P........# ....... ,, , *
P........#* * ,, ,, , , ,,


You could see 3 yaks and 2 basilisks.

Vanquished Creatures
  Pikel (D:6)
  Maggie (D:6)
  Grinder (D:3)
  Sigmund (D:2)
  A yak (D:8)
  Menkaure (D:6)
  4 porcupines (D:8)
  An orc warrior (D:6)
  A necrophage (D:7)
  An ogre (D:5)
  2 crocodiles (D:8)
  3 bullfrogs
  A scorpion (D:8)
  9 wights
  A hound (D:7)
  2 jellies
  An orc wizard (D:7)
  3 iguanas
  2 worker ants
  6 adders
  A worm (D:3)
  A leopard gecko (D:5)
  10 orcs
  A bat zombie (D:6)
  2 giant cockroaches
  A goblin (D:1)
  10 jackals
  5 kobolds (D:2)
  A quokka (D:2)
  A ball python (D:2)
  3 bats
  2 frilled lizards
  A leopard gecko zombie (D:2)
  A rat (D:1)
  A plant (D:8)
84 creatures vanquished.

Vanquished Creatures (others)
  A fungus (D:8)
1 creature vanquished.

Grand Total: 85 creatures vanquished

Notes
Turn   | Place    | Note
-------+----------+-------------------------------------------
     0 | D:1      | EnegeticOcto the Deep Dwarf Fighter began the quest for the
                  | Orb.
     0 | D:1      | Reached XP level 1. HP: 20/20 MP: 1/1
    82 | D:2      | Noticed an iguana
    88 | D:2      | Killed an iguana
    88 | D:2      | Reached skill level 4 in Axes
    88 | D:2      | Reached XP level 2. HP: 27/27 MP: 2/2
    88 | D:2      | Reached XP level 3. HP: 33/33 MP: 3/3
   123 | D:2      | Noticed Sigmund
   150 | D:2      | Killed Sigmund
   150 | D:2      | Reached skill level 6 in Axes
   150 | D:2      | Reached XP level 4. HP: 29/40 MP: 4/4
   150 | D:2      | Reached XP level 5. HP: 33/46 MP: 5/5
   330 | D:3      | Noticed Grinder
   346 | D:3      | Paralysed by Grinder for 4 turns
   377 | D:3      | Paralysed by Grinder for 5 turns
   389 | D:3      | Paralysed by Grinder for 6 turns
   403 | D:3      | Killed Grinder
   403 | D:3      | Reached skill level 8 in Axes
   403 | D:3      | Reached XP level 6. HP: 49/55 MP: 4/4
   445 | D:4      | Found a bloodstained altar of Trog.
   456 | D:4      | Found an iron altar of Okawaru.
   516 | D:4      | Reached XP level 7. HP: 57/61 MP: 4/4
   530 | D:4      | Reached skill level 9 in Axes
   587 | D:4      | Got a bloodstained arbalest
   595 | D:5      | Entered Level 5 of the Dungeon
   614 | D:6      | Noticed Maggie
   644 | D:6      | Killed Maggie
   644 | D:6      | Reached skill level 10 in Axes
   644 | D:6      | Reached XP level 8. HP: 34/68 MP: 4/4
   705 | D:6      | Reached skill level 1 in Evocations
   722 | D:6      | Identified the cursed +3 arbalest of Rozoum {freeze, rElec
                  | MR- Str+3 Dex+2 SInv} (You found it on level 4 of the
                  | Dungeon)
   829 | D:5      | Found a shattered altar of Ashenzari.
   848 | D:5      | Reached skill level 11 in Axes
   940 | D:6      | Noticed Menkaure
   950 | D:6      | Killed Menkaure
  1018 | D:6      | Noticed Prince Ribbit
  1030 | D:6      | Found a radiant altar of Vehumet.
  1030 | D:6      | Noticed Pikel
  1037 | D:6      | Killed Pikel
  1037 | D:6      | Reached skill level 12 in Axes
  1037 | D:6      | Gained mutation: You passively map the area around you.
                  | [Deep Dwarf growth]
  1037 | D:6      | Reached XP level 9. HP: 63/74 MP: 7/7
  1133 | D:7      | Found a staircase to the Ecumenical Temple.
  1145 | Temple   | Entered the Ecumenical Temple
  1162 | Temple   | Became a worshipper of Makhleb the Destroyer
  1239 | D:7      | Reached skill level 1 in Invocations
  1261 | D:7      | Reached skill level 1 in Dodging
  1299 | D:8      | Found a staircase to the Lair.
  1308 | D:8      | HP: 3/74 [yak (11)]
  1322 | D:8      | HP: 3/74 [yak (4)]
  1323 | D:8      | HP: 1/74 [basilisk (2)]
  1324 | D:8      | Slain by a yak

Levels and vault maps discovered:
D:1:      dpeg_arrival_renting, layout_rooms
D:2:      layout_loops_cross, uniq_sigmund, uniq_crazy_yiuf_cottage
D:3:      layout_loops_ring, uniq_robin, uniq_natasha, uniq_grinder
D:4:      layout_cave_pools, grunt_temple_overflow_bloody_war,
          gammafunk_temple_overflow_pools, first_ration,
          kennysheep_generic_room_6
D:5:      layout_rooms, nicolae_ashenzari_panopticon,
          lemuel_coloured_pillars_altar
D:6:      layout_loops_corners, lemuel_zombie_altar_kikubaaqudgha, basic_altar,
          grunt_ministairs_12, kennysheep_generic_room_3, uniq_maggie,
          uniq_pikel, uniq_eustachio, uniq_prince_ribbit1, uniq_menkaure
D:7:      kennysheep_steamy, layout_cave_pods,
          minmay_temple_entry_drinking_statues
D:8:      layout_gridville, minmay_lair_entry_grove
Temple:   dpeg_chambers_temple

Skill      XL: |  1  2  3  4  5  6  7  8  9 |
---------------+----------------------------+-----
Axes           | 4 6 8 10 12 | 12.8
Evocations     | 4 |  4.0
Invocations    | 3 |  3.5
Dodging        | 2 |  2.9
Armour         | 4 |  4.6
Fighting       | |  2.6
Shields        | |  3.2

Action                   |  1- 3 |  4- 6 |  7- 9 || total
-------------------------+-------+-------+-------++-------
Melee: War axe           |    43 |    76 |     9 ||   128
       Battleaxe         |       |       |   114 ||   114
 Abil: Heal Wounds       |     2 |     7 |    22 ||    31
Evoke: Wand              |       |       |     1 ||     1
  Use: Scroll            |       |       |    11 ||    11
 Stab: Confused          |       |       |     2 ||     2
  Eat: Chunk             |       |       |     2 ||     2
Armor: Scale mail        |    74 |    29 |     7 ||   110
       Chain mail        |       |       |    88 ||    88
Dodge: Dodged            |    26 |    25 |    97 ||   148
Block: Kite shield       |    56 |    46 |     3 ||   105

Table legend:
 A = Non-vault XP
 B = Vault XP
 C = Vault XP percentage of total XP
 D = Non-vault monster count
 E = Vault monster count
 F = Vault count percentage of total count
                 A         B        C        D         E       F
            +---------+---------+-------+---------+---------+-------
      Total |    1533 |    2876 |  65.2 |      64 |      19 |  22.9
            +---------+---------+-------+---------+---------+-------
        D:1 |       7 |       0 |   0.0 |       5 |       0 |   0.0
        D:2 |      67 |     223 |  76.9 |      11 |       1 |   8.3
        D:3 |      20 |     262 |  92.9 |       3 |       1 |  25.0
        D:4 |     349 |       3 |   0.9 |      14 |       1 |   6.7
        D:5 |     137 |       0 |   0.0 |       5 |       0 |   0.0
        D:6 |     424 |    1357 |  76.2 |       9 |       8 |  47.1
        D:7 |     529 |       0 |   0.0 |      17 |       0 |   0.0
        D:8 |       0 |    1031 | 100.0 |       0 |       8 | 100.0
            +---------+---------+-------+---------+---------+-------
